 Dungeon Crawl Stone Soup version 0.25-a0-413-g3b4b6a4ccc (webtiles) character file.

Game seed: 437009603203603775, levelgen mode: deterministic

50 Anathary the Charmwright (level 3, -3/30 HPs)
             Began as a Draconian Skald on Jan 16, 2020.
             Slain by a worm (9 damage)
             ... on level 2 of the Dungeon.
             The game lasted 00:07:33 (1381 turns).

Anathary the Charmwright (Draconian Skald)          Turns: 1381, Time: 00:07:33

Health: -3/30      AC:  5    Str: 13    XL:     3   Next: 55%
Magic:  3/6        EV: 12    Int: 14    God:
Gold:   41         SH:  0    Dex: 10    Spells: 3/6 levels left

rFire    . . .     SeeInvis .   a - +0 falchion
rCold    . . .     Gourm    .   (no shield)
rNeg     . . .     Faith    .   (armour unavailable)
rPois    .         Spirit   .   (helmet restricted)
rElec    .         Reflect  .   (no cloak)
rCorr    .         Harm     .   (no gloves)
MR       .....                  (no boots)
Stlth    +.........             (no amulet)
HPRegen  0.10/turn              (no ring)
MPRegen  0.10/turn              (no ring)

@: no status effects
A: unfitting armour, cold-blooded, AC +5
a: no special abilities


You were on level 2 of the Dungeon.
You were not hungry.

You visited 1 branch of the dungeon, and saw 2 of its levels.

You collected 41 gold pieces.

Inventory:

Hand Weapons
 a - a +0 falchion (weapon)
Jewellery
 g - a cursed ring of attention {unknown}
Scrolls
 b - 2 scrolls of identify {unknown}
 d - a scroll of noise {unknown}
Potions
 e - a potion of heal wounds {unknown}
 f - 3 potions of lignification {unknown}
 h - a potion of curing {unknown}
 i - a potion of brilliance {unknown}
 j - a potion of haste {unknown}
Comestibles
 c - 2 rations


   Skills:
 + Level 2.5 Fighting
 + Level 2.6 Long Blades
 + Level 2.4 Dodging
 + Level 2.2 Spellcasting
 + Level 3.3 Charms


You had 3 spell levels left.
You knew the following spells:

 Your Spells              Type           Power        Failure   Level  Hunger
a - Infusion              Chrm           ##..         6%          1    #......
b - Song of Slaying       Chrm           ##......     9%          2    ###....

Your spell library contained the following spells:

 Spells                   Type           Power        Failure   Level  Hunger
 Shroud of Golubria       Chrm/Tloc      #.....       19%         2    ###....
 Ozocubu's Armour         Chrm/Ice       #.......     34%         3    ###....
 Spectral Weapon          Hex/Chrm       #.......     34%         3    ###....


Dungeon Overview and Level Annotations

Branches:
Dungeon (2/15)

Altars:


Innate Abilities, Weirdness & Mutations

Your plain brown scales are hard. (AC +5)
You cannot fit into any form of body armour.
You are cold-blooded and may be slowed by cold attacks.


Message History

The worm is lightly wounded.
You hit the worm but do no damage.
The worm is lightly wounded.
The worm misses you.
You hit the worm.
The worm is lightly wounded.
The worm misses you.
You hit the worm.
The worm is lightly wounded.
The worm bites you.
* * * LOW HITPOINT WARNING * * *
You completely miss the worm.
Your tail-slap misses the worm.
The worm is lightly wounded.
You hit the worm.
The worm is moderately wounded.
The worm closely misses you.
You hit the worm.
The worm is moderately wounded.
The worm bites you!
You die...

#............#.....
#...........#.....
####.................
...#
#............).......
.....
...............)†...
g....
#....#.......†..... .
...###....#...###.#...(.
...
...##..†.........#.....
....
#.##.@........###.....
..... ##..#w..†##.##.#
#.###.
..w..##........##.##.#
#.# #.
......#....#)####.# .#
#.# #. ......†......#
#.# . ... ..
.............# ... ..
... ........).##..# .#
..........†##...#g
........##.##......


You could see a worm.

Vanquished Creatures
  A worm (D:2)
  3 dart slugs (D:1)
  4 leopard geckos
  4 bats
  2 giant cockroaches (D:1)
  2 goblins (D:1)
  6 hobgoblins
  6 kobolds
  A quokka (D:2)
  2 ball pythons (D:1)
  A frilled lizard (D:2)
  4 rats
36 creatures vanquished.

Notes
Turn   | Place    | Note
-------+----------+-------------------------------------------
     0 | D:1      | Anathary the Draconian Skald began the quest for the Orb.
     0 | D:1      | Reached XP level 1. HP: 17/17 MP: 3/3
   279 | D:1      | Reached skill level 3 in Charms
   279 | D:1      | Reached XP level 2. HP: 24/24 MP: 5/5
   463 | D:1      | Learned a level 2 spell: Song of Slaying
   853 | D:1      | Reached XP level 3. HP: 30/30 MP: 3/6
  1381 | D:2      | Slain by a worm

Levels and vault maps discovered:
D:1:      psy_arrival_radial01, layout_rooms, chequers_serial_rivers_room_a,
          minmay_vboxes
D:2:      layout_rooms

Skill      XL: |  1 |
---------------+----+-----
Charms         | 3 |  3.3
Fighting       | |  2.5
Long Blades    | |  2.6
Dodging        | |  2.4
Spellcasting   | |  2.2

Action                   || total
-------------------------++-------
Melee: Falchion          ||   110
       Tailslap          ||     6
 Cast: Infusion          ||     9
       Song of Slaying   ||     2
 Stab: Sleeping          ||     1
  Eat: Ration            ||     1
Armor: Skin              ||    34
Dodge: Dodged            ||    86
       Rpst.: Falchion   ||    23

Table legend:
 A = Non-vault XP
 B = Vault XP
 C = Vault XP percentage of total XP
 D = Non-vault monster count
 E = Vault monster count
 F = Vault count percentage of total count
                 A         B        C        D         E       F
            +---------+---------+-------+---------+---------+-------
      Total |      58 |      14 |  19.4 |      30 |       6 |  16.7
            +---------+---------+-------+---------+---------+-------
        D:1 |      30 |      14 |  31.8 |      14 |       6 |  30.0
        D:2 |      28 |       0 |   0.0 |      16 |       0 |   0.0
            +---------+---------+-------+---------+---------+-------
